 Dungeon Crawl Stone Soup version 0.22-a0-367-gb72a975 (webtiles) character file.

27594 Amnesiac the Nimble (level 13, -5/106 HPs)
             Began as a Mummy Wizard on Apr 22, 2018.
             Was a High Priest of Kikubaaqudgha.
             Slain by a shadow (27 damage)
             ... on level 12 of the Dungeon.
             The game lasted 00:39:22 (18269 turns).

Amnesiac the Nimble (Mummy Wizard)                 Turns: 18269, Time: 00:39:23

Health: -5/106     AC: 11    Str: 11    XL:     13   Next: 5%
Magic:  0/22       EV: 18    Int: 22    God:    Kikubaaqudgha [*****.]
Gold:   829        SH:  0    Dex: 10    Spells: 6/25 levels left

rFire    x . .     SeeInvis .   b - +5 longbow
rCold    + . .     Gourm    .   (shield currently unavailable)
rNeg     + + +     Faith    .   F - +0 steam dragon scales
rPois    ∞         Spirit   +   g - +1 hat
rElec    .         Reflect  .   j - +2 cloak
rCorr    .         Harm     .   G - +0 pair of gloves
MR       +++..                  I - +0 pair of boots
Stlth    ++........             E - amulet of guardian spirit
HPRegen  0.27/turn              n - ring of protection from magic
MPRegen  0.18/turn              q - ring of protection from magic

@: no status effects
A: no food or potions, fire vulnerability, cold resistance 1, negative energy
resistance 3, torment resistance, unbreathing, in touch with death 1
a: Receive Corpses, Torment, Renounce Religion


You were on level 12 of the Dungeon.
You worshipped Kikubaaqudgha.
Kikubaaqudgha was extremely pleased with you.
You were not hungry.

You visited 4 branches of the dungeon, and saw 16 of its levels.

You collected 829 gold pieces.

Inventory:

Hand Weapons
 b - a +5 longbow (weapon)
Missiles
 s - 4 throwing nets
 B - 176 arrows (quivered)
Armour
 g - a +1 hat (worn)
 j - a +2 cloak (worn)
 r - a +2 robe of fire resistance
 F - +0 steam dragon scales (worn)
 G - a +0 pair of gloves (worn)
 I - a +0 pair of boots (worn)
Magical Staves
 a - an uncursed staff of power
 H - an uncursed staff of wizardry
 K - an uncursed staff of air
Jewellery
 n - a ring of protection from magic (left hand)
 q - a ring of protection from magic (right hand)
 E - an amulet of guardian spirit (around neck)
Wands
 f - a wand of paralysis (15)
 i - a wand of digging (14)
 z - a wand of disintegration (14)
 D - a wand of polymorph (10)
Scrolls
 c - 3 scrolls of enchant armour {!r}
 e - 2 scrolls of teleportation {!r}
 h - 2 scrolls of blinking {!r}
 k - 3 scrolls of remove curse {!r}
 l - a scroll of magic mapping {!r}
 o - 5 scrolls of identify {!r}
 p - 2 scrolls of fog {!r}
 t - a scroll of immolation {!r}
 u - a scroll of noise {!r}
 w - a scroll of summoning {!r}
 y - a scroll of amnesia {!r}
 J - a scroll of vulnerability {!r}
Miscellaneous
 m - a lightning rod (4/4)


   Skills:
 + Level 11.2 Fighting
 * Level 13.2 Dodging
 - Level 1.5 Stealth
 - Level 6.5 Spellcasting
 - Level 0.7 Conjurations
 - Level 0.7 Summonings
 - Level 10.0 Necromancy
 - Level 0.7 Translocations


You had 6 spell levels left.
You knew the following spells:

 Your Spells              Type           Power        Failure   Level  Hunger
a - Magic Dart            Conj           ##..         6%          1    N/A
b - Call Imp              Summ           ##......     10%         2    N/A
c - Dispel Undead         Necr           ######..     4%          5    N/A
d - Vampiric Draining     Necr           ######....   1%          3    N/A
e - Mephitic Cloud        Conj/Pois/Air  #.......     24%         3    N/A
s - Conjure Flame         Conj/Fire      #.......     22%         3    N/A
v - Blink                 Tloc           N/A          10%         2    N/A

Dungeon Overview and Level Annotations

Branches:
Dungeon (13/15) Temple (1/1) D:4 Lair (1/6) D:9 Orc (1/2) D:12 Vaults (0/5) D:12 D:13

Altars:
Ashenzari
Cheibriados
Dithmenos
Elyvilon
Fedhas
Gozag
Hepliaklqana
Kikubaaqudgha
Makhleb
Nemelex Xobeh
Okawaru
Qazlal
Ru
Sif Muna
Trog
Uskayaw
Vehumet
Wu Jian
Xom
Yredelemnul
Zin
The Shining One

Shops:
D:8 }

Annotations:
D:13 Urug


Innate Abilities, Weirdness & Mutations

You do not eat or drink.
Your flesh is vulnerable to fire.
You are immune to poison.
Your flesh is cold resistant. (rC+)
You are immune to negative energy. (rN+++)
You are immune to unholy pain and torment.
You can survive without breathing.
You are in touch with the powers of death.


Message History

Level annotation: Urug Urug shouts!
The centaur warrior shoots an arrow.
The arrow completely misses you.
The arrow hits the hippogriff!!
The ice beast misses you. The hippogriff bites you!
The hippogriff pecks you but does no damage.
The hippogriff claws you.
The shadow slips into darkness.
The shadow flickers and vanishes!
Deactivating autopickup; reactivate with Ctrl-A.
The yaktaur shoots a bolt.
The bolt hits you! The bolt burns you.
The centaur warrior shoots an arrow.
The arrow hits you!
The hippogriff bites you but does no damage.
The hippogriff misses you.
The hippogriff claws you but does no damage.
The ice beast completely misses you.
Urug throws a javelin.
The javelin hits you!
There is a stone staircase leading up here.
Things that are here:
a javelin; 3 arrows; 2 bolts The shadow strikes at you from the darkness!
Reactivating autopickup.
The centaur warrior shoots an arrow.
The arrow hits you!!
* * * LOW HITPOINT WARNING * * *
The yaktaur shoots a bolt.
The bolt hits you!
* * * LOW HITPOINT WARNING * * *
The bolt burns you.
* * * LOW HITPOINT WARNING * * *
The ice beast hits you.
* * * LOW HITPOINT WARNING * * *
The ice beast freezes you. You resist.
* * * LOW HITPOINT WARNING * * *
The hippogriff completely misses you.
The hippogriff pecks you but does no damage.
The hippogriff misses you.
You climb upwards.
There is a stone staircase leading down here.
Casting: Vampiric Draining (safe; 1% risk of failure)
Confirm with . or Enter, or press ? or * to list all spells.
You don't have enough magic to cast that spell.
Casting: Vampiric Draining (safe; 1% risk of failure)
Confirm with . or Enter, or press ? or * to list all spells.
You blink.
Evoke which item? (* to show all) (? for menu, Esc to quit)
Aiming: Disintegrate
Press: ? - help, Shift-Dir - straight line, f - shadow
Aim: a shadow (chance to defeat MR: 48%)
The shadow resists with some effort.
The shadow slips into darkness.
The shadow flickers and vanishes!
Deactivating autopickup; reactivate with Ctrl-A.
Evoke which item? (* to show all) (? for menu, Esc to quit)
Aiming: Disintegrate
Press: ? - help, Shift-Dir - straight line, f - hippogriff
Aim: a hippogriff (heavily wounded, chance to defeat MR: 61%) Nothing appears to happen.
Evoke which item? (* to show all) (? for menu, Esc to quit)
Aiming: Disintegrate
Press: ? - help, Shift-Dir - straight line, f/p - hippogriff
Aim: a hippogriff (heavily wounded, chance to defeat MR: 61%) Nothing appears to happen.
The shadow strikes at you from the darkness!
You die...
Kikubaaqudgha rasps: "You have failed me!
Welcome... oblivion!"

### #####.......#####...
############..#.#.........
#........)...............#
#.#######[###.#.#.###.##.#
#.# #Y# #.....# #.##.# ###
#.# #!# ###.### #.##.#
#§####.# #H# #.# #.##..
#)Oh...# #)# #)# #.####
######O# #@# #.# #.# # #[#
#.# #)# #.# # #[# #.# #.#
#.# # #.#######.#
#.#####.#### #..†....).#
#...<....... ###########
############ # # #


You could see a hippogriff and an ice beast.

Vanquished Creatures
  A vampire knight (D:12)
  Josephine (D:10)
  Erolcha (D:10)
  2 hydras
  The ghost of Feta the Arsonist, a journeyman BaFE of Cheibriados (D:11)
  Erica (D:7)
  A two-headed ogre (D:12)
  A vampire mage (D:11)
  Nergalle (D:10)
  Pikel (D:6)
  2 ugly things
  A manticore (D:12)
  A centaur zombie (D:12)
  A gargoyle (D:12)
  A spiny frog (Lair:1)
  The ghost of VDreamerV the Insei, a novice OpTm (D:5)
  3 trolls (D:12)
  Prince Ribbit (D:6)
  2 hippogriffs
  30 flying skulls
  5 wraiths (D:10)
  A basilisk (Lair:1)
  15 humans (D:12)
  3 yaks (Lair:1)
  7 vampires (D:12)
  2 wyverns
  Grum (D:7)
  A steam dragon (D:10)
  2 hungry ghosts
  2 wargs (D:12)
  Edmund (D:6)
  A hornet zombie (D:7)
  3 slaves (D:6)
  9 orc warriors
  3 sky beasts
  13 ice beasts
  2 black bears
  6 necrophages
  A phantom (D:11)
  3 ogres
  4 wolves
  3 centaurs
  2 crocodiles
  2 big kobolds (D:11)
  7 bullfrogs
  6 killer bees (D:8)
  A wight (D:12)
  2 howler monkeys (D:9)
  3 crimson imps
  A bullfrog zombie (D:12)
  2 jellies
  2 quasits (D:12)
  7 human zombies (D:12)
  6 orc priests
  2 hounds
  5 iguanas
  13 orc wizards
  12 worker ants
  Ijyb (D:3)
  A hound zombie (D:7)
  A hound skeleton (D:11)
  A gnoll (D:3)
  2 adders
  A shadow imp (D:10)
  An ooze (D:6)
  2 adder zombies
  A worm (D:6)
  6 leopard geckos
  39 orcs
  2 bats
  13 giant cockroaches
  8 goblins
  6 hobgoblins
  5 jackals
  2 quokkas
  3 ball pythons
  4 frilled lizards
  A jackal skeleton (D:5)
  A jackal zombie (D:7)
  19 kobolds
  A quokka zombie (D:5)
  8 rats
344 creatures vanquished.

Vanquished Creatures (collateral kills)
  An ice beast (D:3)
  2 crimson imps
  2 gnolls (D:3)
  An adder skeleton (D:4)
  A worm (D:4)
  A dart slug (D:3)
  An orc (D:3)
  A hobgoblin (D:3)
  A quokka (D:2)
11 creatures vanquished.

Vanquished Creatures (others)
  An unseen horror (D:12)
  A bullfrog (D:10)
  6 plants (D:7)
8 creatures vanquished.

Grand Total: 363 creatures vanquished

Notes
Turn   | Place    | Note
-------+----------+-------------------------------------------
     0 | D:1      | Amnesiac the Mummy Wizard began the quest for the Orb.
     0 | D:1      | Reached XP level 1. HP: 13/13 MP: 5/5
   161 | D:1      | Reached skill level 2 in Dodging
   534 | D:1      | Reached XP level 2. HP: 20/20 MP: 1/7
   538 | D:1      | Learned a level 2 spell: Call Imp
   726 | D:2      | Found Zin's Purification Station.
   726 | D:2      | Found a glowing silver altar of Zin.
   743 | D:2      | Found a glowing golden altar of the Shining One.
   788 | D:2      | Reached skill level 1 in Fighting
  1130 | D:3      | Reached XP level 3. HP: 23/26 MP: 8/8
  1135 | D:3      | Learned a level 3 spell: Mephitic Cloud
  1139 | D:3      | Learned a level 3 spell: Conjure Flame
  1517 | D:4      | Found a staircase to the Ecumenical Temple.
  1526 | Temple   | Entered the Ecumenical Temple
  1568 | Temple   | Became a worshipper of Kikubaaqudgha
  1653 | D:3      | Noticed an ice beast
  1666 | D:3      | HP: 1/27 [ice beast (4)]
  1667 | D:3      | Killed an ice beast
  1667 | D:3      | Reached skill level 3 in Dodging
  1667 | D:3      | Reached XP level 4. HP: 1/34 MP: 1/10
  2047 | D:1      | Learned a level 2 spell: Blink
  2243 | D:1      | Reached XP level 5. HP: 36/39 MP: 11/11
  2957 | D:2      | Found an iron altar of Okawaru.
  3155 | D:3      | Reached skill level 1 in Necromancy
  3168 | D:3      | Noticed a necrophage
  3178 | D:3      | Killed a necrophage
  3178 | D:3      | Reached skill level 4 in Dodging
  3178 | D:3      | Reached XP level 6. HP: 41/47 MP: 3/12
  3209 | D:3      | Reached * piety under Kikubaaqudgha
  3209 | D:3      | Identified Kikubaaqudgha's Guide on Stolen Souls (Kikubaaqudgha gifted it to you on level 3 of the Dungeon)
  3209 | D:3      | Received a gift from Kikubaaqudgha
  3301 | D:3      | Noticed Ijyb
  3329 | D:3      | Killed Ijyb
  3383 | D:3      | Found a radiant altar of Vehumet.
  4216 | D:5      | Entered Level 5 of the Dungeon
  4270 | D:5      | Noticed VDreamerV's ghost (novice OpTm)
  4278 | D:5      | Killed VDreamerV's ghost
  4278 | D:5      | Reached skill level 5 in Spellcasting
  4278 | D:5      | Reached XP level 7. HP: 42/52 MP: 5/14
  4543 | D:5      | Reached skill level 5 in Dodging
  4664 | D:5      | Found an ornate altar of the Wu Jian Council.
  5097 | D:6      | Reached XP level 8. HP: 43/60 MP: 12/16
  5149 | D:6      | Noticed Edmund
  5216 | D:6      | Killed Edmund
  5224 | D:6      | Noticed Prince Ribbit
  5346 | D:6      | Killed Prince Ribbit
  5346 | D:6      | Reached skill level 6 in Dodging
  5583 | D:6      | Found a deep blue altar of Sif Muna.
  5630 | D:6      | Reached ** piety under Kikubaaqudgha
  5923 | D:7      | Reached skill level 5 in Fighting
  6048 | D:7      | Found a blossoming altar of Fedhas.
  6073 | D:7      | Noticed Pikel
  6558 | D:6      | Killed Pikel
  6558 | D:6      | Reached skill level 7 in Dodging
  6558 | D:6      | Reached XP level 9. HP: 61/68 MP: 6/18
  6563 | D:6      | Learned a level 3 spell: Vampiric Draining
  6803 | D:7      | Reached skill level 5 in Necromancy
  6997 | D:7      | Found a stormy altar of Qazlal.
  7280 | D:7      | Found a burning altar of Makhleb.
  7315 | D:7      | Found a hazy altar of Hepliaklqana.
  7819 | D:8      | Noticed Erica
  8242 | D:8      | Noticed Grum
  8277 | D:8      | Reached skill level 8 in Dodging
  8599 | D:7      | Killed Grum
  9012 | D:7      | Killed Erica
  9012 | D:7      | Reached XP level 10. HP: 79/79 MP: 13/19
  9456 | D:8      | Reached *** piety under Kikubaaqudgha
  9456 | D:8      | Identified Kikubaaqudgha's Handbook of Black Magic (Kikubaaqudgha gifted it to you on level 8 of the Dungeon)
  9456 | D:8      | Received a gift from Kikubaaqudgha
  9490 | D:8      | Found a hide-covered altar of Uskayaw.
  9631 | D:8      | Found a white marble altar of Elyvilon.
  9679 | D:8      | Reached skill level 9 in Dodging
  9765 | D:8      | Found Liroriax's Gadget Boutique.
  9936 | D:8      | Got an iridescent whip
  9937 | D:8      | Identified the cursed +3 whip "Poruruik" {flame, Str+3 Dex+3} (You found it on level 8 of the Dungeon)
  9946 | D:8      | Learned a level 5 spell: Dispel Undead
  9951 | D:9      | Found an opulent altar of Gozag.
 10212 | D:9      | Found a staircase to the Lair.
 10598 | D:10     | Entered Level 10 of the Dungeon
 10652 | D:10     | Noticed Nergalle
 10877 | D:10     | Killed Nergalle
 10950 | D:10     | Noticed a brown ugly thing
 10956 | D:10     | Killed a brown ugly thing
 11054 | D:10     | Noticed Erolcha
 11083 | D:10     | Killed Erolcha
 11083 | D:10     | Reached skill level 10 in Dodging
 11308 | D:10     | Reached XP level 11. HP: 87/87 MP: 14/20
 11313 | D:10     | Noticed Josephine
 11673 | D:11     | Noticed Feta's ghost (journeyman BaFE)
 11677 | D:11     | Killed Feta's ghost
 11942 | D:10     | Reached **** piety under Kikubaaqudgha
 12086 | D:10     | Killed Josephine
 12150 | D:10     | You fall through a shaft for 2 floors!
 12175 | D:12     | Reached skill level 11 in Dodging
 12193 | D:13     | Found a gate to the Vaults.
 12193 | D:13     | Noticed a two-headed ogre
 12193 | D:13     | Noticed a centaur warrior
 12193 | D:13     | Noticed Urug
 12271 | D:12     | Noticed a green ugly thing
 12282 | D:12     | Found a basalt altar of Yredelemnul.
 12283 | D:12     | Noticed a vampire mage
 12388 | D:12     | Noticed a six-headed hydra
 12639 | D:12     | Killed an unseen horror
 13453 | Lair:1   | Entered Level 1 of the Lair of Beasts
 13763 | Lair:1   | Noticed an eight-headed hydra
 14322 | Lair:1   | Killed an eight-headed hydra
 14798 | D:11     | Reached ***** piety under Kikubaaqudgha
 14960 | D:12     | Reached skill level 10 in Fighting
 14960 | D:12     | Reached XP level 12. HP: 97/97 MP: 5/21
 15097 | D:11     | Killed a vampire mage
 15155 | D:12     | Reached skill level 12 in Dodging
 15592 | D:12     | Found a staircase to the Orcish Mines.
 16077 | D:12     | Killed a six-headed hydra
 16745 | D:12     | Noticed a vampire knight
 17087 | D:12     | Killed a vampire knight
 17394 | D:12     | Reached skill level 13 in Dodging
 17530 | Orc:1    | Entered Level 1 of the Orcish Mines
 17530 | Orc:1    | Noticed an orc warlord
 17858 | D:12     | Killed a two-headed ogre
 17870 | D:12     | Gained mutation: You are in touch with the powers of death. [Mummy growth]
 17870 | D:12     | Reached XP level 13. HP: 71/106 MP: 10/22
 18045 | D:12     | Reached skill level 10 in Necromancy
 18269 | D:12     | Slain by a shadow

Vault maps used:
D:1:      erik_arrival_cave_to_civilisation
D:2:      zin_purify, overflow_temple_1_default, okawaru_metal_pillars_3
D:3:      vehumet_crystals, first_ration, uniq_ijyb
D:4:      lemuel_temple_firewalk_b
D:5:      lemuel_round_altar
D:6:      nicolae_overflow_crystal_walls, uniq_prince_ribbit1, uniq_edmund
D:7:      lemuel_crystal_altar, fedhas_altar_decomposition, grunt_qazlal_clouds,
          kennysheep_mini, uniq_pikel
D:8:      eat_drink_and_be_merry_uskayaw, basic_altar, serial_shops, shop,
          uniq_grum, uniq_erica
D:9:      nicolae_overflow_hidden_temple, lair_entry_dummy, grunt_pizzeria
D:10:     uniq_nergalle, uniq_josephine, uniq_erolcha
D:12:     lemuel_vampire_tower, orc_0_dummy, portal_ice_cave_entry_ice_beasts
D:13:     david_vaults_3, serial_bayou, serial_bayou_crossing,
          serial_bayou_lake_a, serial_bayou_pond_e, serial_bayou_ford_a,
          grunt_ministairs_14
Temple:   jpeg_temple_alley_garden
Lair:1:   grunt_megastairs_2
Orc:1:    serial_shops, nicolae_shop_trees, nicolae_orc_lava_room

Skill      XL: |  1  2  3  4  5  6  7  8  9 10 11 12 13 |
---------------+----------------------------------------+-----
Dodging        | 2 3 4 5 7 8 10 11 13 | 13.2
Fighting       | 1 2 3 4 5 7 8 10 11 | 11.2
Necromancy     | 1 2 3 4 6 7 8 9 10 | 10.0
Spellcasting   | 5 6 |  6.5
Stealth        | |  1.5
Conjurations   | |  0.7
Summonings     | |  0.7
Translocations | |  0.7

Action                   |  1- 3 |  4- 6 |  7- 9 | 10-12 | 13-15 || total
-------------------------+-------+-------+-------+-------+-------++-------
Melee: Unarmed           |    35 |       |       |       |       ||    35
       Dagger            |    53 |    59 |       |       |       ||   112
       Falchion          |       |       |       |    32 |       ||    32
       Longbow           |       |       |       |     3 |       ||     3
 Fire: Hunting sling     |       |    90 |   513 |       |       ||   603
       Longbow           |       |       |       |   667 |    34 ||   701
 Cast: Magic Dart        |    25 |       |     2 |     9 |       ||    36
       Call Imp          |     7 |    10 |     6 |     9 |       ||    32
       Mephitic Cloud    |       |     2 |    44 |    42 |       ||    88
       Blink             |       |     1 |     4 |    14 |     2 ||    21
       Conjure Flame     |       |     2 |     9 |    18 |       ||    29
       Dispel Undead     |       |       |       |    72 |     1 ||    73
       Vampiric Draining |       |       |       |     7 |     2 ||     9
Evoke: Wand              |       |       |       |    24 |     3 ||    27
  Use: Scroll            |       |     7 |       |    22 |       ||    29
 Stab: Sleeping          |     2 |     1 |       |       |       ||     3
Armor: Robe              |    13 |    15 |    47 |    57 |       ||   132
       Ring mail         |    15 |       |       |       |       ||    15
       Steam dragon scal |       |       |       |   224 |    23 ||   247
       Skin              |       |       |       |     1 |       ||     1
Dodge: Dodged            |    54 |    67 |   177 |   782 |    36 ||  1116
       Rpst.: Falchion   |       |       |       |     8 |       ||     8

Table legend:
 A = Spawn XP
 B = Non-spawn XP
 C = Spawn XP percentage of total XP
 D = Spawn monster count
 E = Non-spawn monster count
 F = Spawn count percentage of total count
 G = Total turns spent on level
                    A         B        C        D         E        F      G
               +---------+---------+-------+---------+---------+-------+---------
         Total |       0 |   39421 |   0.0 |       0 |     353 |   0.0 | 18269
               +---------+---------+-------+---------+---------+-------+---------
           D:1 |       0 |      49 |   0.0 |       0 |      28 |   0.0 |  1588
           D:2 |       0 |      33 |   0.0 |       0 |       6 |   0.0 |   506
           D:3 |       0 |     353 |   0.0 |       0 |      35 |   0.0 |  1208
           D:4 |       0 |     117 |   0.0 |       0 |       9 |   0.0 |  1053
           D:5 |       0 |     593 |   0.0 |       0 |       9 |   0.0 |  1098
           D:6 |       0 |    1708 |   0.0 |       0 |      26 |   0.0 |  1332
           D:7 |       0 |    2711 |   0.0 |       0 |      27 |   0.0 |  1880
           D:8 |       0 |    1490 |   0.0 |       0 |      30 |   0.0 |  1224
           D:9 |       0 |     528 |   0.0 |       0 |      10 |   0.0 |   960
          D:10 |       0 |    5308 |   0.0 |       0 |      30 |   0.0 |  1067
          D:11 |       0 |    4718 |   0.0 |       0 |      34 |   0.0 |  1548
          D:12 |       0 |   19142 |   0.0 |       0 |      99 |   0.0 |  3676
        Lair:1 |       0 |    2671 |   0.0 |       0 |      10 |   0.0 |  1021
               +---------+---------+-------+---------+---------+-------+---------
